cohdb
Replays
Latest Replays
All Replays
Popular Replays
Top Player Replays
Match Explorer
How It Works
Community
CoH3 Stats
Reddit
Sign in to upload your games and track your stats! →
Sign in with Steam
Match 41032373
Unlisted
Match 41032373
Overview
Messages
Build Orders
End
Construct Infanterie Kompanie
Selects Luftwaffe Battlegroup
Selects Luftwaffe Pioneer Support
Fallschirmpioneer Squad Paradrop
Kettenkrad Recon Vehicle
Construct Infanterie Kompanie
Grenadier Squad
MG 42 Machine Gun Team
Selects Stuka Strafing Run
Construct Luftwaffe Kompanie
Fallschirmpioneer Squad Paradrop
Selects Fallschirmjäger Squad Paradrop
只愛❤毛妹
Kasim-GJW
0
0
Comments
sign in to comment!
No comments posted yet!